cohdb
Replays
Latest Replays
All Replays
Popular Replays
Top Player Replays
Match Explorer
How It Works
Community
CoH3 Stats
Reddit
Sign in to upload your games and track your stats! →
Sign in with Steam
Match 45478005
Unlisted
Match 45478005
Overview
Messages
Build Orders
End
Construct Barracks
Scout Squad
Riflemen Squad
Selects Advanced Infantry Battlegroup
Riflemen Squad
Riflemen Squad
Mechanized Support Center
Construct Medical Station
M1 Mortar Team
Construct Motor Pool
Selects Convert to Ranger Squad
Selects Artillery Observers
Selects Designate Assault Position
Convert to Ranger Squad
M8 Greyhound Armored Car
Rapid Repairs
Engineer Squad
Designate Forward Repair Station
M1918 Browning Automatic Rifles
M24 Chaffee Light Tank
Selects Infantry Assault
Selects M2A1 105mm Howitzer Emplacement
M1 Anti-tank Gun Team
Construct Weapon Support Center
Infantry Assault
M1919 Machine Gun Team
Designate Forward Repair Station
Infantry Assault
Construct Tank Depot
Selects 155mm Rapid Artillery Barrage
Riflemen Squad
M4A1 Sherman Medium Tank
Convert to Ranger Squad
MayorPoundtown
Sad Pepe
0
0
Comments
sign in to comment!
No comments posted yet!